Map: Lightshade LE

Players

Heeebster - Winner!

  • Race: Protoss Protoss
  • League: Diamond
  • Spawn Location: 5:00

HEAVYMETAL

  • Race: Terran Terran
  • League: Diamond
  • Spawn Location: 11:00

VOD

Have the link to the VOD?

Description

Time

  • Played on: Nov. 16, 2020, 11:33 a.m.
  • Length: 12:20
Show
View Real Time Build Order
Export as new Build Order

Heeebster Protoss - Winner!

Build Orders: 1 Gate Expand, Oracle Opening, Carriers 

Get SALT Encoding   

  12  0:00  Probe  
  13  0:13  Pylon  
  13  0:17  Probe  
  14  0:30  Probe (Chrono Boost)  
  14  0:33  Gateway  
  15  0:42  Probe (Chrono Boost), Assimilator  
  16  0:48  Probe (Chrono Boost)  
  17  0:52  Assimilator  
  17  0:56  Probe  
  18  1:08  Probe  
  19  1:20  Probe  
  19  1:23  Cybernetics Core  
  20  1:42  Nexus  
  20  1:47  Probe (Chrono Boost)  
  21  1:58  Probe (Chrono Boost)  
  21  1:59  Pylon  
  22  2:08  Warp Gate (Chrono Boost)  
  22  2:16  Stalker  
  22  2:18  Probe  
  25  2:25  Stargate  
  25  2:31  Probe  
  26  2:43  Probe  
  27  2:47  Stalker  
  29  2:53  Pylon  
  29  2:55  Probe (Chrono Boost)  
  31  2:59  Probe (Chrono Boost)  
  31  3:06  Oracle (Chrono Boost)  
  31  3:07  Probe (Chrono Boost)  
  35  3:15  Probe (Chrono Boost)  
  35  3:17  Probe (Chrono Boost)  
  37  3:20  Robotics Facility  
  37  3:22  Probe  
  37  3:26  Probe  
  39  3:28  Assimilator  
  39  3:34  Probe  
  39  3:38  Probe  
  39  3:39  Void Ray  
  41  3:46  Probe  
  46  3:51  Probe  
  46  3:53  Pylon  
  47  3:58  Probe  
  48  4:03  Probe  
  49  4:10  Probe  
  49  4:15  Void Ray (Chrono Boost)  
  50  4:23  Probe x2  
  52  4:25  Immortal (Chrono Boost)  
  60  4:31  Stalker  
  60  4:33  Shield Battery  
  60  4:35  Shield Battery  
  62  4:40  Pylon  
  62  4:48  Pylon  
  62  4:56  Probe x2  
  51  5:08  Probe  
  51  5:13  Probe (Chrono Boost)  
  51  5:20  Void Ray  
  51  5:21  Probe (Chrono Boost)  
  57  5:30  Probe (Chrono Boost)  
  57  5:32  Probe (Chrono Boost)  
  58  5:39  Probe (Chrono Boost)  
  58  5:41  Probe (Chrono Boost)  
  60  5:44  Fleet Beacon  
  60  5:47  Probe (Chrono Boost)  
  60  5:49  Probe (Chrono Boost)  
  62  5:51  Probe (Chrono Boost)  
  63  5:57  Pylon  
  63  5:59  Probe  
  63  6:03  Probe  
  65  6:11  Probe  
  65  6:15  Probe  
  67  6:27  Probe  
  67  6:29  Stargate  
  67  6:30  Nexus  
  67  6:32  Void Ray, Pylon  
  68  6:39  Flux Vanes  
  71  6:42  Probe  
  72  6:57  Probe x2  
  74  7:02  Protoss Air Weapons Level 1 (Chrono Boost), Assimilator  
  74  7:06  Stargate  
  74  7:08  Void Ray  
  74  7:09  Probe  
  79  7:19  Probe  
  79  7:21  Probe, Assimilator  
  81  7:25  Assimilator  
  81  7:28  Gateway  
  81  7:29  Shield Battery  
  81  7:31  Probe  
  81  7:32  Shield Battery  
  81  7:33  Probe (Chrono Boost)  
  81  7:34  Forge  
  83  7:40  Shield Battery  
  83  7:43  Probe x2 (Chrono Boost)  
  85  7:44  Void Ray  
  85  7:47  Probe (Chrono Boost)  
  90  7:54  Probe x2 (Chrono Boost)  
  90  7:56  Probe (Chrono Boost)  
  93  8:00  Probe x2 (Chrono Boost)  
  93  8:01  Probe (Chrono Boost)  
  100  8:09  Probe (Chrono Boost)  
  103  8:14  Probe (Chrono Boost)  
  103  8:16  Probe (Chrono Boost)  
  104  8:20  Probe (Chrono Boost)  
  99  8:27  Probe (Chrono Boost)  
  96  8:41  Probe (Chrono Boost)  
  96  8:47  Probe x2 (Chrono Boost)  
  98  8:49  Void Ray (Chrono Boost)  
  98  8:51  Probe (Chrono Boost)  
  98  8:52  Pylon x2  
  98  8:55  Probe x2 (Chrono Boost), Pylon  
  101  9:00  Protoss Shields Level 1  
  101  9:10  Pylon, Observer  
  101  9:13  Pylon  
  114  9:18  Carrier (Chrono Boost)  
  114  9:20  Carrier (Chrono Boost)  
  114  9:30  Carrier (Chrono Boost)  
  113  9:40  Probe  
  112  9:52  Zealot  
  114  9:53  Probe  
  114  9:56  Photon Cannon  
  114  9:57  Photon Cannon  
  114  9:59  Photon Cannon  
  115  10:00  Pylon  
  115  10:01  Photon Cannon  
  115  10:03  Photon Cannon  
  115  10:05  Probe  
  108  10:12  Carrier x2  
  120  10:16  Probe  
  120  10:17  Probe x2  
  120  10:20  Carrier  
  120  10:21  Photon Cannon  
  129  10:25  Photon Cannon  
  129  10:27  Photon Cannon  
  129  10:29  Probe (Chrono Boost)  
  130  10:41  Probe (Chrono Boost)  
  131  10:48  Probe (Chrono Boost)  
  132  10:58  Stargate, Nexus  
  132  11:04  Stargate  
  132  11:06  Pylon  
  125  11:28  Void Ray  
  125  11:29  Observer (Chrono Boost)  
  146  11:52  Pylon  
  146  11:53  Pylon  
  150  11:56  Assimilator  
Show
View Real Time Build Order
Export as new Build Order

HEAVYMETAL Terran 

Build Orders: Liberator Opening 

Get SALT Encoding   

  12  0:00  SCV  
  13  0:13  SCV  
  14  0:17  Supply Depot  
  14  0:25  SCV  
  15  0:31  Refinery  
  15  0:39  SCV  
  16  0:45  Barracks  
  16  0:51  SCV  
  17  1:03  SCV  
  18  1:15  SCV  
  19  1:21  Refinery  
  19  1:27  SCV  
  20  1:38  Barracks Reactor  
  20  1:40  Supply Depot  
  20  1:41  Orbital Command  
  20  1:54  Factory  
  20  2:08  SCV  
  21  2:16  Reaper x2  
  21  2:20  SCV  
  24  2:32  SCV  
  25  2:40  Hellion, Starport  
  27  2:46  SCV  
  27  2:47  Engineering Bay  
  27  2:48  Reaper  
  27  2:50  Supply Depot  
  29  2:58  SCV, Reaper  
  31  3:09  Supply Depot  
  31  3:12  Hellion  
  33  3:16  SCV, Missile Turret  
  34  3:33  Hellion  
  36  3:42  Medivac, Liberator  
  36  3:45  Barracks Tech Lab  
  41  3:54  Hellion  
  43  3:55  Supply Depot  
  38  4:25  Viking  
  38  4:31  SCV  
  41  4:35  Widow Mine  
  41  4:36  Command Center  
  43  4:47  Barracks  
  43  4:49  Barracks  
  32  5:12  SCV  
  30  5:15  Stimpack  
  30  5:17  Medivac  
  30  5:18  Factory Reactor, Barracks  
  32  5:23  Marine  
  32  5:24  Medivac  
  32  5:25  SCV  
  36  5:32  Missile Turret  
  36  5:37  Barracks Reactor, SCV  
  37  5:44  Missile Turret  
  37  5:49  SCV  
  38  5:53  Refinery  
  38  5:54  Refinery  
  38  5:55  Marine  
  39  5:57  Marine  
  39  6:01  Widow Mine  
  42  6:08  Barracks Reactor  
  42  6:15  Marine x2  
  42  6:17  Marine  
  45  6:27  Medivac, Marine  
  48  6:34  Orbital Command  
  45  6:40  SCV  
  45  6:44  Marine  
  45  6:45  Marine  
  48  6:49  Widow Mine  
  48  6:52  SCV  
  51  6:56  Terran Infantry Weapons Level 1  
  51  6:58  Marine x2  
  53  7:07  Marine x2  
  55  7:11  SCV  
  56  7:17  Missile Turret  
  56  7:19  Combat Shield  
  56  7:25  SCV x2  
  56  7:26  Marine  
  56  7:28  Factory Reactor  
  59  7:37  Marine x2  
  59  7:39  Marine x2  
  59  7:42  SCV x2  
  65  7:48  Supply Depot  
  65  7:49  Marine  
  66  7:54  SCV  
  66  7:57  Marine  
  66  7:58  Supply Depot, Marine x2  
  70  8:10  Medivac, Marine x3  
  73  8:29  Marine x3  
  73  8:33  Marine x2  
  64  8:39  Marine x2  
  64  8:41  Medivac x2, Widow Mine x2  
  63  8:42  SCV  
  63  8:43  SCV  
  63  8:46  Marine  
  68  8:51  Marine  
  68  8:52  Marine x3  
  68  8:53  Factory  
  72  8:57  Marine  
  72  9:02  Terran Infantry Armor Level 1  
  73  9:03  Armory  
  73  9:04  Marine x2  
  73  9:07  Widow Mine  
  77  9:11  Marine x2  
  77  9:13  Marine x2  
  77  9:15  SCV  
  77  9:17  SCV  
  83  9:22  Marine, Widow Mine  
  86  9:40  SCV  
  86  9:41  Marine  
  86  9:49  Factory Tech Lab  
  86  9:51  Supply Depot  
  86  9:59  Marine x2  
  86  10:01  SCV, Marine  
  86  10:02  Marine x2  
  86  10:03  SCV, Marine x2  
  79  10:10  Command Center  
  79  10:12  Missile Turret  
  70  10:14  Drilling Claws  
  70  10:15  Widow Mine  
  70  10:17  Marine x2, Barracks  
  70  10:19  Marine  
  70  10:20  Marine x2  
  77  10:22  Marine  
  77  10:23  Ghost Academy  
  77  10:26  Marine  
  81  10:28  Widow Mine  
  81  10:36  Medivac x2  
  81  10:39  Marine  
  81  10:40  Marine  
  87  10:48  Engineering Bay  
  87  10:49  Marine  
  88  10:56  Marine x2  
  90  11:00  Marine x2  
  90  11:01  Marine  
  93  11:06  Medivac  
  93  11:07  Widow Mine  
  93  11:09  Marine  
  91  11:15  Barracks Tech Lab  
  71  11:26  Marine x5  
  71  11:27  Orbital Command  
  71  11:28  Marine  
  71  11:31  Ghost  
  72  11:35  SCV  
  72  11:36  SCV  
  72  11:38  Marine  
  70  11:44  Marine  
  70  11:45  Marine x3  
  70  11:46  Marine  
  75  11:55  Widow Mine x2  
  75  11:56  Missile Turret, Widow Mine  
Tags
 
Add a new tag
Caveats
  • Supply blocks, unpowered buildings, or Contaminate may cause inaccurate times.
  • Supply counts are checked every 10 seconds.